 Dungeon Crawl Stone Soup version 0.24-a0-535-gbb0d440638 (webtiles) character file.

Game seed: 10044538103045583591

323220 Gynju the Spry (level 22, -26/154 (155) HPs)
             Began as a Halfling Hunter on Aug 10, 2019.
             Was a High Priest of Makhleb.
             Killed from afar by Xtahua (90 damage)
             ... with a searing blast
             ... while paralysed by Xtahua
             ... on level 4 of the Vaults.
             The game lasted 02:34:38 (53182 turns).

Gynju the Spry (Halfling Hunter)                   Turns: 53182, Time: 02:34:39

HP:   -26/154 (155) AC: 24    Str: 29    XL:     22   Next: 53%
MP:   38/38         EV:  3    Int: 12    God:    Makhleb [*****.]
Gold: 4140          SH:  0    Dex: 24    Spells: 20/21 levels left

rFire    x . .     SeeInvis .   b - +5 demon whip (vamp)
rCold    + . .     Gourm    .   c - +0 shield {AC+3}
rNeg     + . .     Faith    .   g - +4 robe of Augmentation {Str+4 Int+4 Dex+4}
rPois    +         Spirit   .   Z - +0 Maxwell's etheric cage {RegenMP+ *Contam rElec MP+4}
rElec    +         Reflect  .   G - +2 ratskin cloak {+Rats rPois rN+ Str-1 Int-1 Dex+1}
rCorr    .         Harm     .   V - +2 pair of gloves {Str+3}
MR       +....                  y - +0 pair of boots
Stlth    +++.......             m - amulet of regeneration
HPRegen  0.75/turn              S - ring "Poenex" {Ice Str+4} MPRegen 0.76/turn*
                                F - +4 ring of protection

@: paralysed
A: small, mutation resistance 1, no potion heal 1
}: 2/15 runes: decaying, gossamer
a: Minor Destruction, Lesser Servant of Makhleb, Major Destruction, Greater
Servant of Makhleb, Renounce Religion, Evoke Ratskin


You were on level 4 of the Vaults.
You worshipped Makhleb.
Makhleb was extremely pleased with you.
You were not hungry.

You visited 8 branches of the dungeon, and saw 37 of its levels.

You collected 4140 gold pieces.

Inventory:

Hand Weapons
 a - a +2 hunting sling of velocity
 b - a +5 vampiric demon whip (weapon)
Missiles
 d - 177 sling bullets
 l - 596 stones (quivered)
Armour
 c - a +0 shield of protection (worn)
 g - the +4 robe of Augmentation (worn) {Str+4 Int+4 Dex+4}
   (You found it on level 3 of the Swamp)

   It affects your strength (+4).
   It affects your intelligence (+4).
   It affects your dexterity (+4).
 y - a +0 pair of boots (worn)
 G - the +2 ratskin cloak (worn) {+Rats rPois rN+ Str-1 Int-1 Dex+1}
   (You found it on level 8 of the Dungeon)

   It affects your strength (-1).
   It affects your intelligence (-1).
   It affects your dexterity (+1).
   It protects you from poison.
   It protects you from negative energy.
 V - a +2 pair of gloves of strength (worn)
 Z - the +0 Maxwell's etheric cage (worn) {RegenMP+ *Contam rElec MP+4}
   (You found it on level 4 of the Spider Nest)

   It insulates you from electricity.
   It affects your magic capacity (+4).
   It causes magical contamination when unequipped.
Jewellery
 m - an amulet of regeneration (around neck)
 z - an uncursed ring of fire
 F - a +4 ring of protection (right hand)
 K - an uncursed ring of see invisible
 S - the ring "Poenex" (left hand) {Ice Str+4}
   (You acquired it on level 4 of the Swamp)

   [ring of ice]

   It enhances your ice magic.
   It affects your strength (+4).
   It makes you vulnerable to fire.
   It protects you from cold.
Wands
 i - a wand of clouds (3)
 n - a wand of flame (70)
 p - a wand of iceblast (22)
 q - a wand of polymorph (36)
 u - a wand of disintegration (36)
 M - a wand of acid (19)
 N - a wand of scattershot (4)
 T - a wand of enslavement (5)
 W - a wand of paralysis (12)
 X - a wand of digging (5)
Scrolls
 j - 5 scrolls of fear
 o - 14 scrolls of remove curse
 s - a scroll of enchant weapon
 t - 17 scrolls of teleportation
 v - 6 scrolls of blinking
 w - 2 scrolls of summoning
 C - 7 scrolls of fog
 H - a scroll of silence
 J - 2 scrolls of holy word
 P - 2 scrolls of identify
 Q - 6 scrolls of enchant armour
 R - 3 scrolls of magic mapping
Potions
 h - 4 potions of invisibility
 k - 8 potions of flight
 r - 13 potions of curing
 x - 3 potions of mutation
 B - 8 potions of haste
 D - 2 potions of ambrosia
 E - a potion of resistance
 I - 5 potions of might
 L - 4 potions of agility
 U - a potion of cancellation
 Y - a potion of berserk rage
Miscellaneous
 e - a lightning rod (4/4)
 O - 2 boxes of beasts
Comestibles
 f - 47 rations
 A - 6 chunks of flesh


   Skills:
 + Level 14.6 Fighting
   Level 1.3 Long Blades
 - Level 12.0 Maces & Flails
 - Level 12.0 Slings
 + Level 13.8 Armour
 + Level 17.0 Dodging
 - Level 4.1 Stealth
 + Level 14.3 Shields
 + Level 16.4 Invocations
 + Level 13.3 Evocations


You had 20 spell levels left.
You knew the following spells:

 Your Spells              Type           Power        Failure   Level  Hunger
a - Summon Butterflies    Summ           #.......     52%         1    ##.....

Your spell library contained the following spells:

 Spells                   Type           Power        Failure   Level  Hunger
 Apportation              Tloc           #.....       52%         1    ##.....
 Confusing Touch          Hex            #.....       52%         1    ##.....
 Corona                   Hex            #......      52%         1    ##.....
 Magic Dart               Conj           #...         52%         1    ##.....
 Ensorcelled Hibernation  Hex/Ice        #.....       67%         2    ###....
 Searing Ray              Conj           #.....       67%         2    ###....
 Confuse                  Hex            #.......     88%         3    ####...
 Dazzling Spray           Conj/Hex       #.....       88%         3    ####...
 Lesser Beckoning         Tloc           #.........   88%         3    ####...
 Recall                   Summ/Tloc      N/A          88%         3    ####...
 Spider Form              Tmut/Pois      #.........   88%         3    ####...
 Tukima's Dance           Hex            #.......     88%         3    ####...
 Animate Dead             Necr           N/A          99%         4    #####..
 Force Lance              Conj/Tloc      #.......     99%         4    #####..
 Fulminant Prism          Conj/Hex       #.........   99%         4    #####..
 Iskenderun's Mystic Bla  Conj           #.......     99%         4    #####..
 Alistair's Intoxication  Tmut/Pois      #.......     100%        5    ######.
 Bolt of Magma            Conj/Fire/Erth #.........   100%        5    ######.
 Borgnjor's Vile Clutch   Necr/Erth      #.........   100%        5    ######.
 Iskenderun's Battlesphe  Conj/Chrm      #.......     100%        5    ######.
 Venom Bolt               Conj/Pois      #.........   100%        5    ######.
 Death Channel            Necr           #.........   100%        6    #######
 Invisibility             Hex            #.......     100%        6    #######
 Iron Shot                Conj/Erth      #.........   100%        6    #######
 Simulacrum               Ice/Necr       #.........   100%        6    #######
 Orb of Destruction       Conj           #.........   100%        7    #######
 Spellforged Servitor     Conj/Summ      #.........   100%        7    #######
 Discord                  Hex            #.........   100%        8    #######


Dungeon Overview and Level Annotations

Branches:
Dungeon (15/15)            Temple (1/1) D:4            Lair (6/6) D:8
  Swamp (4/4) Lair:2       Spider (4/4) Lair:3        Slime (0/5) Lair:5
    Orc (2/2) D:12            Elf (0/3) Orc:2        Vaults (4/5) D:13
  Crypt (1/3) Vaults:3     Depths (0/5) D:15

Altars:
Ashenzari
Cheibriados
Dithmenos
Elyvilon
Fedhas
Gozag
Hepliaklqana
Kikubaaqudgha
Makhleb
Nemelex Xobeh
Okawaru
Qazlal
Ru
Sif Muna
Trog
Uskayaw
Vehumet
Wu Jian
Xom
Yredelemnul
Zin
The Shining One

Shops:
D:8 *   D:9 [   D:14 !   Orc:2 ([*:   Vaults:1 !   Vaults:3 }   Vaults:4 }

Annotations:
D:5 1 runed translucent door, Crazy Yiuf
Lair:1 3 runed translucent doors, exclusion: 2 oklob plants, Hawod's ghost, novice MiBe; Powoakku's ghost, novice OgWz
Lair:4 1 runed translucent door, nubinia's ghost, journeyman TeVM
Lair:5 exclusion: 3 oklob plants
Vaults:4 Xtahua


Innate Abilities, Weirdness & Mutations

You are small and have problems with some larger weapons.
You are somewhat resistant to further mutation.
Potions are less effective at restoring your health.


Message History

a +0 flail; a +0 scale mail; a human skeleton
There is an open door here.
You open the door.
There is an open door here.
Eating one of 7 chunks of flesh.
You eat one of the 7 chunks of flesh.
This raw flesh tastes terrible.
There is an open door here.
You open the door.
There is an open door here.
You open the door.
Xtahua the Ancient comes into view.
Xtahua thunders ferociously at you!
You suddenly lose the ability to move!
Xtahua breathes flames at you. The searing blast hits you!!!
The fire burns you terribly!
You are engulfed in blazing flames. x2
Xtahua breathes flames at you. The searing blast hits you!!!!
The fire burns you terribly!
Ouch! That really hurt!
You die...

####### #......### #######
#......@.###.....##### #
#......#..####.)###..###
##########.....D#..#.#'### #..#.#
........##......#.#'.^..####..'##
^.......##......#.##...##.#####..
).......##......###....'#.# #.#..
........##...... ###'#.#..####'##
........##########..####..##...#.
........# #.....###.##...##


You could see Xtahua.

Vanquished Creatures
  Nikola (Swamp:2)
  3 thorn hunters
  3 sphinxes
  Gastronok (D:9)
  A tengu reaver (Vaults:3)
  2 frost giants
  4 fire giants
  7 vault wardens
  8 emperor scorpions
  8 ghost moths
  9 ironheart preservers
  2 orc warlords
  9 stone giants
  Nessos (D:13)
  2 entropy weavers
  Azrael (D:13)
  A spark wasp (Spider:3)
  3 ettins
  2 fire dragons
  3 ogre magi
  3 great orbs of eyes
  9 yaktaur captains
  17 hydras
  6 vault guards
  A rakshasa (Vaults:2)
  5 ice dragons
  A ghost crab (Swamp:3)
  2 shambling mangroves
  9 centaur warriors
  A two-headed ogre (shapeshifter) (Vaults:4)
  Harold (D:7)
  14 two-headed ogres
  12 alligators
  2 tengu warriors
  A death knight (D:15)
  A queen ant (Lair:5)
  Urug (Lair:5)
  4 deep elf knights
  A shadow wraith (Vaults:4)
  5 skeletal warriors (Vaults:3)
  2 wizards (D:13)
  12 swamp dragons
  A spriggan druid (Swamp:2)
  6 deep trolls
  2 glowing orange brains
  A flayed ghost (Vaults:3)
  5 harpies
  A swamp dragon (shapeshifter) (Vaults:1)
  A wolf spider zombie (D:13)
  8 deep elf archers
  11 deep elf magi
  An orb spider (shapeshifter) (Vaults:1)
  16 ironbrand convokers
  5 necromancers
  27 orb spiders
  A shadow dragon skeleton (Vaults:3)
  12 orc knights
  A sphinx skeleton (Vaults:3)
  38 wolf spiders
  A tengu skeleton (Vaults:3)
  2 fire giant zombies
  2 orc sorcerers
  37 ugly things
  2 manticores (D:14)
  6 cyclopes
  11 elephants
  2 frost giant skeletons (Vaults:3)
  4 black mambas
  2 fire giant skeletons
  An eye of devastation (shapeshifter) (Vaults:4)
  2 moths of wrath
  A guardian serpent (shapeshifter) (Vaults:4)
  12 vault sentinels
  3 gargoyles
  A yaktaur zombie (Vaults:3)
  3 torpor snails
  A rime drake (Lair:5)
  A kobold demonologist (D:14)
  14 spiny frogs
  2 efreet
  5 freezing wraiths
  13 komodo dragons
  10 human skeletons
  36 yaktaurs
  9 demonic crawlers
  3 guardian mummies (Crypt:1)
  7 polar bears
  A yaktaur skeleton (Vaults:3)
  A queen bee (Lair:3)
  9 tyrant leeches
  20 hornets
  6 trolls
  A blink frog (shapeshifter) (D:14)
  42 jumping spiders
  8 hippogriffs
  Prince Ribbit (D:5)
  11 slime creatures
  12 blink frogs
  13 bog bodies
  An ettin zombie (Vaults:4)
  4 dream sheep (Lair:4)
  A stone giant simulacrum (Vaults:2)
  5 wyverns
  67 redbacks
  A shadow (D:11)
  A yak (shapeshifter) (Vaults:3)
  15 spriggans
  2 wraiths
  20 tarantellas
  54 yaks
  2 vampires
  2 fire elementals (D:12)
  3 hungry ghosts
  5 basilisks
  32 vampire mosquitoes
  5 insubstantial wisps (Swamp:2)
  Menkaure (D:5)
  9 wargs
  16 swamp worms
  6 soldier ants
  An acid dragon (Vaults:2)
  4 hell hounds (D:12)
  12 water moccasins
  13 swamp drakes
  8 porcupines
  A black bear (shapeshifter) (Vaults:3)
  A deep troll skeleton (Vaults:3)
  2 eyes of draining
  3 ice beasts (D:6)
  4 sky beasts
  3 black bears
  26 orc warriors
  A necrophage (D:8)
  3 phantoms
  16 ogres
  9 boggarts
  13 centaurs
  34 wolves
  14 crocodiles
  A big kobold (D:12)
  14 bullfrogs
  A wyvern skeleton (D:14)
  2 scorpions
  21 killer bees
  2 electric eels
  6 howler monkeys
  9 crimson imps
  A bullfrog zombie (D:9)
  5 jellies
  2 human simulacra
  2 human zombies
  3 hounds
  2 centaur zombies
  21 orc priests
  24 orc wizards
  5 bullfrog skeletons
  7 centaur skeletons
  2 iguanas
  Terence (D:2)
  Ijyb (D:3)
  Natasha (thrice) (D:3)
  20 worker ants
  3 hell rats (D:8)
  4 mummies (Crypt:1)
  2 hound skeletons
  Robin (D:2)
  12 adders
  A howler monkey skeleton (D:10)
  4 river rats (D:8)
  4 shadow imps
  6 oozes
  2 adder zombies
  A worm (D:3)
  A dart slug (D:2)
  5 leopard geckos
  92 orcs
  3 bats
  4 giant cockroaches
  12 hobgoblins
  3 jackals (D:2)
  6 quokkas
  2 ball pythons
  5 frilled lizards
  9 goblins
  6 kobolds
  2 leopard gecko skeletons
  A quokka skeleton (D:5)
  16 rats
  2 fungi
  4 plants
1424 creatures vanquished.

Vanquished Creatures (collateral kills)
  Mara (Vaults:3)
  the Lernaean hydra (Swamp:4)
  Arachne (Spider:4)
  Jorgrun (Orc:2)
  A thorn hunter (Swamp:4)
  3 vault wardens
  Aizul (Vaults:2)
  Louise (Swamp:4)
  An emperor scorpion (Spider:3)
  2 orc warlords
  An ironheart preserver (Vaults:4)
  A stone giant (Vaults:2)
  3 entropy weavers
  A fire dragon (Lair:5)
  A yaktaur captain (Vaults:2)
  A vault guard (D:13)
  2 centaur warriors
  3 hydras
  Erica (D:10)
  4 orc high priests (Orc:2)
  A deep elf knight (Vaults:4)
  An ironbrand convoker (Vaults:4)
  4 orc knights
  2 orb spiders (Spider:3)
  3 deep elf archers
  3 orc sorcerers (Orc:2)
  2 ugly things (Vaults:4)
  A swamp dragon (Swamp:3)
  7 wolf spiders
  5 deep elf magi (Vaults:2)
  A cyclops (Vaults:2)
  5 elephants (Lair:6)
  A moth of wrath (Spider:4)
  A stone giant skeleton (Vaults:4)
  5 vault sentinels (Vaults:4)
  4 spiny frogs
  2 freezing wraiths
  2 demonic crawlers
  A komodo dragon (Lair:4)
  6 yaktaurs
  2 merfolk (shapeshifter)
  3 jumping spiders
  5 hornets
  4 bog bodies
  4 redbacks
  A spriggan (Swamp:2)
  7 yaks
  A wyvern (Lair:5)
  A hungry ghost (D:9)
  3 vampire mosquitoes (Swamp:3)
  3 insubstantial wisps (Swamp:4)
  A warg (Orc:1)
  A water moccasin (Lair:6)
  18 orc warriors
  A swamp drake (Swamp:4)
  An eye of draining (D:9)
  2 ogres
  3 wolves
  2 centaurs (D:9)
  A wyvern skeleton (D:10)
  A scorpion (D:9)
  2 killer bees (D:10)
  An electric eel (Lair:5)
  8 orc priests
  19 orc wizards
  2 worker ants
  A worm (shapeshifter) (Vaults:4)
  31 orcs
  2 jackals (D:9)
219 creatures vanquished.

Vanquished Creatures (others)
  A fire giant (Vaults:3)
  A deep elf mage (Vaults:2)
  A necromancer (Vaults:4)
  A yaktaur (D:15)
  A hell hound (D:13)
  An orc warrior (Vaults:4)
  A bullfrog (D:14)
  An electric eel (D:14)
  An orc priest (Vaults:4)
  An orc (Vaults:4)
  A briar patch (Swamp:4)
  19 fungi
  18 plants
  6 withered plants (Lair:1)
54 creatures vanquished.

Grand Total: 1697 creatures vanquished

Notes
Turn   | Place    | Note
-------+----------+-------------------------------------------
     0 | D:1      | Gynju the Halfling Hunter began the quest for the Orb.
     0 | D:1      | Reached XP level 1. HP: 14/14 MP: 1/1
   678 | D:1      | Reached XP level 2. HP: 19/19 MP: 2/2
  1037 | D:2      | Reached XP level 3. HP: 24/24 MP: 3/3
  1108 | D:2      | Found a shattered altar of Ashenzari.
  1222 | D:2      | Noticed Robin
  1241 | D:2      | Killed Robin
  1527 | D:2      | Noticed Terence
  1538 | D:2      | Killed Terence
  1538 | D:2      | Reached skill level 3 in Dodging
  1538 | D:2      | Reached XP level 4. HP: 23/30 MP: 4/4
  2031 | D:3      | Found a glowing golden altar of the Shining One.
  2114 | D:3      | Noticed Ijyb
  2125 | D:3      | Reached XP level 5. HP: 30/35 MP: 5/5
  2127 | D:3      | Killed Ijyb
  2798 | D:3      | Noticed Natasha
  2806 | D:3      | Killed Natasha
  2806 | D:3      | Reached XP level 6. HP: 27/42 MP: 6/6
  2954 | D:3      | Noticed Natasha
  2961 | D:3      | Killed Natasha
  2974 | D:3      | Noticed Natasha
  2982 | D:3      | Killed Natasha
  3163 | D:4      | Reached skill level 4 in Dodging
  3256 | D:4      | Reached XP level 7. HP: 46/46 MP: 7/7
  3443 | D:4      | Found a staircase to the Ecumenical Temple.
  3884 | D:5      | Entered Level 5 of the Dungeon
  3930 | D:5      | Noticed Prince Ribbit
  4146 | Temple   | Entered the Ecumenical Temple
  4236 | Temple   | Became a worshipper of Makhleb the Destroyer
  4279 | D:5      | Reached skill level 5 in Dodging
  4336 | D:4      | Reached skill level 1 in Invocations
  4336 | D:4      | Reached XP level 8. HP: 29/54 MP: 8/8
  4559 | D:5      | Killed Prince Ribbit
  4564 | D:5      | Noticed Menkaure
  4571 | D:5      | Killed Menkaure
  4767 | D:5      | Found a stormy altar of Qazlal.
  4811 | D:5      | Found a sparkling altar of Nemelex Xobeh.
  4811 | D:5      | Found a bloodstained altar of Trog.
  4812 | D:5      | Found an iron altar of Okawaru.
  5071 | D:5      | Found a shimmering altar of Xom.
  5193 | D:5      | Found a runed translucent door.
  5194 | D:5      | Noticed Crazy Yiuf
  5470 | D:6      | Found a basalt altar of Yredelemnul.
  5528 | D:6      | Reached skill level 6 in Dodging
  5587 | D:6      | Reached skill level 5 in Fighting
  5615 | D:6      | Reached XP level 9. HP: 33/61 MP: 11/11
  5801 | D:6      | Found a shimmering altar of Xom.
  5805 | D:6      | Found a hazy altar of Hepliaklqana.
  5915 | D:6      | Reached skill level 10 in Slings
  6493 | D:6      | Found a blossoming altar of Fedhas.
  6684 | D:6      | Reached skill level 7 in Dodging
  7020 | D:7      | Reached * piety under Makhleb
  7134 | D:7      | Reached skill level 5 in Invocations
  7314 | D:7      | Noticed Harold
  7409 | D:7      | Found an iron altar of Okawaru.
  7621 | D:7      | Killed Harold
  7621 | D:7      | Reached XP level 10. HP: 56/69 MP: 12/14
  7819 | D:7      | Reached skill level 8 in Dodging
  8242 | D:8      | Found a staircase to the Lair.
  8827 | D:8      | Reached ** piety under Makhleb
  8953 | D:8      | Found Niar's Lightly-Used Armoury.
  9364 | D:8      | Found the +2 ratskin cloak {+Rats rPois rN+ Str-1 Int-1
                  | Dex+1}
  9864 | D:9      | Identified a scroll of acquirement
 10007 | D:9      | Reached *** piety under Makhleb
 10035 | D:9      | Noticed a centaur warrior
 10056 | D:8      | Reached skill level 9 in Dodging
 10230 | Lair:1   | Entered Level 1 of the Lair of Beasts
 10237 | Lair:1   | Reached XP level 11. HP: 75/75 MP: 16/16
 10302 | Lair:1   | Reached skill level 1 in Shields
 10407 | Lair:1   | Found a runed translucent gate.
 10407 | Lair:1   | Found a runed translucent gate.
 10407 | Lair:1   | Found a runed translucent gate.
 10407 | Lair:1   | Noticed Hawod's ghost (novice MiBe)
 10408 | Lair:1   | Noticed Powoakku's ghost (novice OgWz)
 10413 | Lair:1   | Noticed an oklob plant
 10732 | Lair:1   | Noticed a seven-headed hydra
 11470 | Lair:1   | Noticed an oklob plant
 11823 | Lair:1   | Reached skill level 10 in Dodging
 12017 | Lair:1   | Got an ichor-stained ring mail
 12023 | Lair:1   | Identified the +4 ring mail of Darkness {+Inv Int+2} (You
                  | found it on level 1 of the Lair of Beasts)
 12202 | Lair:2   | Reached **** piety under Makhleb
 12246 | Lair:2   | Found a staircase to the Swamp.
 12423 | Lair:2   | Reached XP level 12. HP: 84/84 MP: 18/18
 12432 | Lair:2   | Reached skill level 1 in Evocations
 12513 | Lair:2   | You fall into a shaft and drop 1 floor!
 12911 | Lair:3   | Found a hole to the Spider Nest.
 13297 | Lair:2   | Reached skill level 11 in Dodging
 13647 | Lair:2   | Reached skill level 10 in Invocations
 13736 | Lair:2   | Reached skill level 1 in Long Blades
 14148 | Lair:3   | Reached skill level 1 in Armour
 14298 | Lair:3   | Reached skill level 1 in Maces & Flails
 14470 | Lair:3   | Reached ***** piety under Makhleb
 15344 | Lair:3   | Reached XP level 13. HP: 91/91 MP: 20/20
 15787 | Lair:4   | Found a runed translucent door.
 15789 | Lair:4   | Identified the +6 spear of Embarrassment {venom, *Contam
                  | Str+7}
 15794 | Lair:4   | Noticed nubinia's ghost (journeyman TeVM)
 15890 | Lair:4   | Reached skill level 10 in Fighting
 15936 | Lair:4   | Reached skill level 5 in Evocations
 16501 | Lair:5   | Noticed Urug
 16912 | Lair:5   | Killed Urug
 17369 | Lair:5   | Noticed an entropy weaver
 17376 | Lair:5   | Noticed an entropy weaver
 17387 | Lair:5   | Reached skill level 12 in Dodging
 17474 | Lair:6   | Entered Level 6 of the Lair of Beasts
 17534 | Lair:5   | Found a staircase to the Slime Pits.
 17961 | Lair:5   | Noticed a fire dragon
 18110 | Lair:6   | Noticed an eight-headed hydra
 18127 | Lair:5   | Reached skill level 5 in Armour
 18397 | Lair:5   | Killed an entropy weaver
 18573 | Lair:5   | Killed an entropy weaver
 18684 | Lair:5   | Reached XP level 14. HP: 99/99 MP: 22/22
 18956 | Lair:5   | Got a spiked cloak
 18967 | Lair:5   | Identified the cursed -3 cloak "Gaxu" {+Blink +Inv Regen+
                  | Stlth-} (You found it on level 5 of the Lair of Beasts)
 20122 | Lair:6   | Reached skill level 5 in Maces & Flails
 21615 | D:9      | Noticed Gastronok
 21635 | D:9      | Killed Gastronok
 21723 | D:9      | Found Ufonai's Specialty Armours.
 21918 | D:10     | Entered Level 10 of the Dungeon
 22133 | D:10     | Noticed Erica
 22167 | D:10     | Killed Erica
 22302 | D:10     | Reached skill level 13 in Dodging
 22302 | D:10     | Reached XP level 15. HP: 106/106 MP: 24/24
 24041 | D:12     | Reached ****** piety under Makhleb
 24062 | D:12     | Found a staircase to the Orcish Mines.
 24373 | D:12     | Learned a level 1 spell: Summon Butterflies
 24635 | D:13     | Noticed Azrael
 24723 | D:13     | Killed Azrael
 25048 | D:13     | Noticed Nessos
 25073 | D:13     | Killed Nessos
 25097 | D:13     | Reached skill level 10 in Maces & Flails
 25344 | D:13     | Found a gate to the Vaults.
 25742 | D:13     | Got a distressingly furry scale mail
 25743 | D:13     | Identified the cursed +0 scale mail of the Wilderness
                  | {Str+8} (You found it on level 13 of the Dungeon)
 26303 | D:14     | Noticed a fire giant
 26336 | D:13     | Killed a fire giant
 26412 | D:14     | Reached XP level 16. HP: 112/112 MP: 25/25
 26428 | D:14     | Noticed a storm dragon
 26431 | D:14     | a storm dragon changed into an ettin
 26473 | D:13     | Reached skill level 5 in Shields
 26747 | D:14     | Identified the Papyrus of Curses and Venom
 26943 | D:14     | Found Coxeix's Distillery.
 27255 | D:15     | Entered Level 15 of the Dungeon
 27393 | D:15     | Noticed a fire giant
 27403 | D:15     | Killed a fire giant
 27716 | D:15     | Found a staircase to the Depths.
 28006 | Orc:1    | Entered Level 1 of the Orcish Mines
 28742 | Orc:2    | Entered Level 2 of the Orcish Mines
 29255 | Orc:2    | Found a staircase to the Elven Halls.
 29290 | Orc:2    | Noticed Jorgrun
 29326 | Orc:2    | Killed Jorgrun
 29630 | Orc:2    | Found Ceraw's Antique Armour Shoppe.
 29631 | Orc:2    | Found Xownualue's Antique Weapon Emporium.
 29633 | Orc:2    | Found Mutotead's General Store.
 29633 | Orc:2    | Found Fyoz Lavye's Book Shoppe.
 30297 | Swamp:1  | Entered Level 1 of the Swamp
 30615 | Swamp:1  | Noticed a thorn hunter
 30647 | Swamp:1  | Killed a thorn hunter
 31343 | Swamp:2  | Reached XP level 17. HP: 111/117 MP: 21/26
 31675 | Swamp:2  | Noticed Nikola
 31950 | Spider:1 | Entered Level 1 of the Spider Nest
 33982 | Spider:2 | You fall into a shaft and drop 1 floor!
 34031 | Spider:3 | Reached skill level 10 in Shields
 34098 | Spider:2 | Reached skill level 14 in Dodging
 35107 | Spider:3 | Reached XP level 18. HP: 126/126 MP: 26/28
 36100 | Spider:4 | Entered Level 4 of the Spider Nest
 36329 | Spider:3 | Reached skill level 10 in Armour
 37147 | Spider:4 | Found the +0 Maxwell's etheric cage {RegenMP+ *Contam rElec
                  | MP+4}
 37289 | Spider:3 | Reached skill level 10 in Evocations
 38760 | Spider:4 | Noticed Arachne
 38782 | Spider:4 | Killed Arachne
 38925 | Spider:4 | Reached XP level 19. HP: 133/133 MP: 29/29
 39095 | Spider:4 | Got a gossamer rune of Zot
 39318 | Swamp:2  | Killed Nikola
 40617 | Swamp:3  | Reached skill level 15 in Dodging
 41028 | Swamp:3  | Found the +4 robe of Augmentation {Str+4 Int+4 Dex+4}
 41297 | Swamp:4  | Entered Level 4 of the Swamp
 42021 | Swamp:4  | Noticed Louise
 42205 | Swamp:4  | Killed Louise
 42637 | Swamp:4  | Noticed the 27-headed Lernaean hydra
 42642 | Swamp:4  | Killed the 27-headed Lernaean hydra
 42722 | Swamp:4  | Got a decaying rune of Zot
 43012 | Swamp:4  | Identified the ring "Poenex" {Ice Str+4} (You acquired it
                  | on level 4 of the Swamp)
 43582 | Vaults:1 | Entered Level 1 of the Vaults
 43778 | Vaults:1 | Found Ygeam's Distillery.
 43895 | Vaults:1 | Reached XP level 20. HP: 140/140 MP: 31/31
 45653 | Vaults:1 | Reached skill level 15 in Invocations
 46558 | Vaults:2 | Paralysed by a sphinx for 4 turns
 46914 | Vaults:2 | Reached skill level 16 in Dodging
 47888 | Vaults:3 | Reached XP level 21. HP: 147/147 MP: 32/32
 47960 | Vaults:3 | Noticed Aizul
 47984 | Vaults:2 | Killed Aizul
 48690 | Vaults:3 | Noticed Mara
 48699 | Vaults:3 | Noticed Gynju's illusion
 48746 | Vaults:3 | Noticed Gynju's illusion
 48773 | Vaults:3 | Noticed Gynju's illusion
 48773 | Vaults:3 | Killed Mara
 50451 | Vaults:3 | Found Cong's Gadget Shop.
 50683 | Vaults:3 | Found a staircase to the Crypt.
 50687 | Crypt:1  | Entered Level 1 of the Crypt
 51058 | Vaults:4 | Reached XP level 22. HP: 107/154 MP: 34/34
 51300 | Vaults:4 | Found Foxzol's Gadget Shoppe.
 51502 | Vaults:3 | Paralysed by a sphinx for 4 turns
 51761 | Vaults:4 | Gained mutation: Potions are less effective at restoring
                  | your health. [a cacodemon]
 52132 | Vaults:4 | Reached skill level 17 in Dodging
 53178 | Vaults:4 | Noticed Xtahua
 53178 | Vaults:4 | Paralysed by Xtahua for 5 turns
 53182 | Vaults:4 | Killed from afar by Xtahua

Levels and vault maps discovered:
D:1:      psy_arrival_heroes, layout_loops_corners
D:2:      layout_basic, small_statue_intersection, evilmike_ruin_ashenzari,
          uniq_terence, uniq_robin
D:3:      layout_rooms, nicolae_overflow_crystal_walls, uniq_ijyb, uniq_natasha
D:4:      layout_basic, minmay_temple_entry_arrows, solitary_fountain,
          corexii_corridor_pit
D:5:      layout_cave_pools, gammafunk_temple_overflow_claw, basic_altar,
          serial_glass, glass_columns_b, glass_columns_a, glass_columns_a,
          glass_columns_a, glass_columns_c, first_ration, nrook_loot_triangle,
          nicolae_qazlal_eye_of_the_storm, uniq_prince_ribbit1,
          uniq_crazy_yiuf_cottage, uniq_menkaure
D:6:      layout_loops_ring, nicolae_overflow_hidden_temple,
          yredelemnul_altar_generic
D:7:      layout_rooms, okawaru_trees_1, uniq_harold
D:8:      wander_guarded_unrand_ratskin, layout_loops_ring,
          erik_lair_orcish_takeover, hangedman_little_slice_of_home,
          fungi_pond_lemuel, minmay_shop_damaged
D:9:      layout_roguey, nicolae_barding_shop, uniq_gastronok
D:10:     layout_basic, minmay_misc_feat_plants, uniq_erica
D:11:     layout_cross
D:12:     layout_small_grid, hiddenorc2_lemuel
D:13:     layout_irregular_city, grunt_vaults_entry_fortified, uniq_azrael,
          uniq_nessos
D:14:     layout_loops_ring, serial_bayou_pond_b, serial_shops, shop,
          minmay_radiant
D:15:     grunt_enter_depths_giant_problem, layout_basic, hangedman_decor_lopped
Temple:   eino_temple_lava
Lair:1:   layout_chaotic_city, gammafunk_ghost_cemetery,
          infiniplex_staircase_pool_2, minmay_lair_oklob_chamber
Lair:2:   layout_loops_ring, minmay_swamp_entry_swarm, serial_bayou_shore_b
Lair:3:   layout_cave_pods, nicolae_spider_entry_tight_spaces, special_room
          [special_room_bee], minivault_27
Lair:4:   layout_small_grid, ebering_ghost_funeral_grove, beast_lair_carwin_9
Lair:5:   dragon1_lemuel, layout_regular_city, minmay_slime_entry_oklob_open,
          wad_woods_antlair, grunt_megastairs_3, serial_bayou_shore_a, uniq_urug
Lair:6:   minmay_lair_end_enchanted_forest, layout_cave_shapes, minivault_26
Swamp:1:  layout_basic_swamp, evilmike_swamp_ruin_house_1
Swamp:2:  layout_falls_marsh, evilmike_swamp_ruin_house_3, uniq_nikola
Swamp:3:  layout_basic_swamp, hangedman_swamp_ruin_hall,
          infiniplex_staircase_pool
Swamp:4:  grunt_swamp_rune_castle, layout_basic_swamp, swamp_pool5,
          nicolae_swamp_trees_clearing, uniq_louise
Spider:1: layout_spider_delve, nicolae_spider_nook,
          hangedman_spider_tarantella_strand
Spider:2: layout_spider_delve
Spider:3: layout_spider_delve
Spider:4: johnstein_spider_rune_arachne_lair, uniq_arachne
Orc:1:    layout_caves, mines5_lemuel
Orc:2:    st_orc_congregation, layout_diamond_mine, uniq_jorgrun
Vaults:1: vaults_room_octagon, v_rooms_4, nicolae_vaults_back_hallway,
          v_pattern_4, vaults_room_corners, vaults_room_corners,
          vaults_room_stairs_pillars, ontoclasm_vaults_twist,
          grunt_vaults_focal, nicolae_vaults_rhombus_5, vaults_room_hallway,
          layout_vaults_chaotic_city, serial_shops, shop
Vaults:2: v_misc_32, nicolae_vaults_an_arrangement, nicolae_vaults_arrows,
          nicolae_vaults_diagonal_hallway_8, grunt_vaults_funnel, v_misc_10,
          v_rooms_2, vaults_dpeg_hooks, v_rooms_6, layout_vaults_big_cross
Vaults:3: st_smaller_cells, nicolae_vaults_bisected_inception, v_alt_pattern_6,
          ontoclasm_vaults_eye, vaults_room_pools, layout_vaults_omnigrid,
          minmay_crypt_entry_skeletal_spiral, serial_shops,
          nicolae_shop_temple_entry_statues_fountains, uniq_mara, uniq_aizul
Vaults:4: nicolae_vaults_triangles, ontoclasm_vaults_shuriken,
          hangedman_vaults_stream, nicolae_vaults_little_squares_3,
          nicolae_vaults_mini_display_case, v_misc_16,
          vaults_room_stairs_pillars, hangedman_vaults_maws,
          vaults_mumra_minichess_inversion, vaults_room_fancy_cross, v_misc_31,
          nicolae_vaults_little_squares_1, st_star, layout_vaults_omnibox,
          serial_shops, shop, uniq_xtahua
Crypt:1:  layout_chaotic_city, grunt_crypt_arrival_guarded_gate,
          grunt_megastairs_1, uniq_mennas

Skill      XL: |  1  2  3  4  5  6  7  8  9 10 11 12 13 14 15 16 17 18 19 20 21 22 |
---------------+-------------------------------------------------------------------+-----
Slings         | 6 7 8 9 11 12 | 12.0
Fighting       | 2 3 4 5 6 7 8 9 10 11 12 13 14 | 14.6
Stealth        | 2 3 4 |  4.1
Dodging        | 3 4 5 6 7 9 10 11 12 13 14 15 16 17 | 17.0
Invocations    | 1 3 5 7 9 10 11 12 13 14 15 16 | 16.4
Shields        | 4 8 10 11 12 13 14 | 14.3
Evocations     | 4 6 7 8 9 10 11 12 13 | 13.3
Long Blades    | 1 |  1.3
Armour         | 2 5 7 8 9 10 11 12 13 | 13.8
Maces & Flails | 1 4 6 11 12 | 12.0

Action                   |  1- 3 |  4- 6 |  7- 9 | 10-12 | 13-15 | 16-18 | 19-21 | 22-24 || total
-------------------------+-------+-------+-------+-------+-------+-------+-------+-------++-------
Melee: Dagger            |       |       |    10 |    29 |       |       |       |       ||    39
       Scimitar          |       |       |       |    32 |       |       |       |       ||    32
       Demon whip        |       |       |       |    11 |  1103 |  1739 |  2349 |   598 ||  5800
 Fire: Hunting sling     |   102 |   168 |   670 |  1333 |   961 |  1006 |   658 |    33 ||  4931
Throw: Stone             |       |       |       |       |       |     9 |       |       ||     9
Invok: Minor Destruction |       |       |       |     3 |       |       |       |       ||     3
       Lesser Servant of |       |       |       |     2 |    35 |     4 |       |       ||    41
       Major Destruction |       |       |       |     1 |       |       |       |       ||     1
       Greater Servant o |       |       |       |       |       |    16 |    16 |     5 ||    37
Evoke: Wand              |       |       |       |       |     1 |     3 |       |       ||     4
       Lightning rod     |       |       |       |       |       |     4 |       |       ||     4
  Use: Scroll            |       |       |    10 |    12 |    13 |    10 |    11 |     1 ||    57
       Potion            |       |       |     1 |     1 |     1 |     2 |       |       ||     5
 Stab: Sleeping          |       |       |       |       |    11 |     8 |     9 |     2 ||    30
       Distracted        |       |       |       |       |     5 |     4 |     3 |     2 ||    14
       Held in net/web   |       |       |       |       |       |     4 |       |       ||     4
       Confused          |       |       |       |       |       |       |     1 |       ||     1
  Eat: Chunk             |     1 |     6 |     5 |    23 |    34 |    31 |    23 |     4 ||   127
       Ration            |       |       |     2 |       |     1 |     3 |     5 |     1 ||    12
Armor: Leather armour    |     6 |     2 |    39 |    38 |       |       |       |       ||    85
       Troll leather arm |       |       |       |    19 |       |       |       |       ||    19
       Ring mail         |       |       |       |   115 |   405 |   665 |    55 |       ||  1240
       Robe              |       |       |       |       |       |       |   227 |   105 ||   332
Dodge: Dodged            |    35 |    25 |   242 |   697 |  1417 |  1807 |  1367 |   423 ||  6013
Block: Buckler           |       |       |       |   193 |   465 |       |       |       ||   658
       Shield            |       |       |       |       |    53 |  1520 |  1268 |   402 ||  3243
       Rpst.: Scimitar   |       |       |       |     5 |       |       |       |       ||     5

Table legend:
 A = Non-vault XP
 B = Vault XP
 C = Vault XP percentage of total XP
 D = Non-vault monster count
 E = Vault monster count
 F = Vault count percentage of total count
                 A         B        C        D         E       F
            +---------+---------+-------+---------+---------+-------
      Total |  343546 |  207006 |  37.6 |    1109 |     532 |  32.4
            +---------+---------+-------+---------+---------+-------
        D:1 |      12 |       2 |  14.3 |       8 |       1 |  11.1
        D:2 |      49 |      57 |  53.8 |      20 |       6 |  23.1
        D:3 |     169 |      70 |  29.3 |      19 |       2 |   9.5
        D:4 |     527 |       0 |   0.0 |      13 |       0 |   0.0
        D:5 |     393 |     433 |  52.4 |      13 |       2 |  13.3
        D:6 |    1322 |       0 |   0.0 |      27 |       0 |   0.0
        D:7 |    1041 |    1550 |  59.8 |      21 |       8 |  27.6
        D:8 |    2688 |     374 |  12.2 |      30 |      32 |  51.6
        D:9 |    3314 |    2399 |  42.0 |      42 |       2 |   4.5
       D:10 |    2756 |     456 |  14.2 |      33 |       1 |   2.9
       D:11 |    4955 |       0 |   0.0 |      16 |       0 |   0.0
       D:12 |    4762 |    1134 |  19.2 |      21 |      38 |  64.4
       D:13 |    9391 |   12035 |  56.2 |      29 |      15 |  34.1
       D:14 |   10435 |    2342 |  18.3 |      39 |       5 |  11.4
       D:15 |    7385 |    1506 |  16.9 |      30 |       1 |   3.2
     Lair:1 |    4809 |     432 |   8.2 |      25 |       3 |  10.7
     Lair:2 |    5146 |     704 |  12.0 |      26 |       4 |  13.3
     Lair:3 |    4089 |    2306 |  36.1 |      24 |      17 |  41.5
     Lair:4 |    4611 |    2605 |  36.1 |      23 |      10 |  30.3
     Lair:5 |   11231 |    6538 |  36.8 |      40 |      30 |  42.9
     Lair:6 |    7648 |    6077 |  44.3 |      27 |      28 |  50.9
    Swamp:1 |   10154 |       0 |   0.0 |      21 |       0 |   0.0
    Swamp:2 |   14529 |    3194 |  18.0 |      41 |       1 |   2.4
    Swamp:3 |   12737 |       0 |   0.0 |      26 |       0 |   0.0
    Swamp:4 |   12119 |   20585 |  62.9 |      28 |      37 |  56.9
   Spider:1 |   23377 |    3978 |  14.5 |      58 |      12 |  17.1
   Spider:2 |   13747 |       0 |   0.0 |      34 |       0 |   0.0
   Spider:3 |   29577 |    8698 |  22.7 |      79 |      10 |  11.2
   Spider:4 |    6803 |   24107 |  78.0 |      18 |      39 |  68.4
      Orc:1 |    2144 |    1185 |  35.6 |      36 |      10 |  21.7
      Orc:2 |    1691 |    8703 |  83.7 |      29 |      69 |  70.4
   Vaults:1 |   22843 |    8179 |  26.4 |      39 |      15 |  27.8
   Vaults:2 |   30402 |   32989 |  52.0 |      55 |      59 |  51.8
   Vaults:3 |   45608 |   31637 |  41.0 |      65 |      36 |  35.6
   Vaults:4 |   29911 |   22731 |  43.2 |      44 |      39 |  47.0
    Crypt:1 |    1171 |       0 |   0.0 |      10 |       0 |   0.0
            +---------+---------+-------+---------+---------+-------
